Get step-by-step instructions on how to execute this build order below. Start the game timer, and the build order will tick by so you can play in parallel with StarCraft on a second screen or mobile device.

Game Time

  0:00

Last Step

  N/A

Next Step

Upcoming Step



Don't want to look back and forth between 2 screens? Try out our Overwolf App, the Spawning Tool Build Advisor to get an in-game overlay with this build!

Complete Build Order

  12  0:01  SCV  
  13  0:13  SCV  
  14  0:17  Supply Depot  
  14  0:25  SCV  
  15  0:39  SCV  
  15  0:41  Barracks  
  16  0:44  Refinery  
  16  0:50  Refinery  
  16  0:54  SCV  
  17  1:06  SCV, Supply Depot  
  18  1:18  SCV  
  19  1:33  Factory  
  19  1:36  SCV  
  20  1:48  SCV  
  20  1:49  Barracks Reactor  
  21  2:00  SCV  
  21  2:01  Factory  
  22  2:13  SCV  
  23  2:27  Ghost Academy  
  23  2:31  SCV  
  24  2:39  Barracks Tech Lab, Hellion x2  
  28  2:46  Factory Tech Lab  
  28  2:49  Hellion, Supply Depot  
  30  3:11  Hellion x3  
  36  3:14  Supply Depot  
  36  3:19  Nuke  
  36  3:32  Hellion  
  38  3:36  Hellion  
  38  3:41  Hellion  
  42  3:48  Ghost  
  44  3:55  Supply Depot  
  44  4:02  Hellion  
  46  4:17  Hellion x2  
  42  4:40  Hellion  
  42  4:41  Hellion x2  
  48  5:02  Hellion x3  
  50  5:23  Hellion x2  
  44  5:30  Hellion  
  44  5:34  Ghost  
  44  5:44  Hellion  
  44  5:45  Hellion  
  44  5:48  Nuke  
  48  5:56  Hellion  
  50  6:06  Hellion  
  50  6:15  Hellion  
  50  6:18  Hellion  
  52  6:25  Supply Depot  
  52  6:27  Hellion  
  46  6:51  Hellion  
  46  6:52  Hellion x2, Ghost  
  32  7:37  Factory Tech Lab  
  32  7:38  Command Center  
  32  7:40  Orbital Command  
  32  7:41  Armory  
  32  7:45  Supply Depot  
  32  8:14  SCV  
  32  8:17  Hellion x3  
  39  8:26  SCV  
  40  8:27  Nuke  
  40  8:28  Ghost  
  42  8:42  Thor  
  48  8:57  Ghost  
  48  9:00  Hellion  
  48  9:01  Hellion  
  52  9:09  Orbital Command  
  52  9:27  Thor  
  52  9:30  SCV  
  59  9:38  SCV  
  60  9:42  SCV, Hellion x2  
  65  9:48  Supply Depot  
  65  9:50  SCV  
  66  9:55  Factory  
  66  10:05  Barracks Tech Lab  
  66  10:07  Starport  
  66  10:10  Siege Tank  
  66  10:13  Hellion x2  
  73  10:44  Siege Tank  
  73  10:45  Siege Tank  
  73  10:48  Viking  
  81  10:52  Supply Depot  
  81  10:58  Hellion x2  
  81  11:02  SCV x2  
  87  11:08  Ghost, Supply Depot  
  87  11:11  Personal Cloaking  
  89  11:14  SCV  
  89  11:16  Hellion  
  92  11:19  Supply Depot  
  92  11:22  Hellion  
  92  11:23  Hellion  
  96  11:28  Supply Depot  
  96  11:31  Viking  
  98  11:36  SCV x2  
  100  11:42  Supply Depot  
  100  11:47  Thor  
  100  11:50  Hellion  
  108  11:57  Hellion x2  
  108  12:00  SCV x2  
  114  12:04  Supply Depot  
  114  12:29  Hellion  
  100  12:30  Hellion x2  
  100  12:36  Hellion  
  76  12:49  Viking  
  76  12:51  Hellion x2  
  80  12:59  Hellion x2  
  80  13:02  Supply Depot  
  80  13:05  Starport  
  84  13:06  Refinery  
  84  13:07  Starport, Refinery  
  84  13:08  Starport, Fusion Core  
  84  13:12  Hellion  
  75  13:30  Starport Tech Lab  
  75  13:52  Starport Tech Lab x3  
  75  13:55  Battlecruiser  
  81  13:57  Terran Ship Weapons Level 1  
  81  14:06  Command Center  
  81  14:21  Battlecruiser  
  87  14:28  SCV x2  
  89  14:35  Battlecruiser  
  95  14:59  Battlecruiser  
  101  15:19  Orbital Command  
  101  15:28  Hellion x4  
  109  15:46  Viking x2  
  109  15:49  Hellion x2  
  113  16:11  Viking  
  113  16:12  Viking  
  113  16:23  Refinery  
  113  16:24  Refinery  
  113  16:30  Weapon Refit  
  113  16:32  Command Center  
  113  16:37  SCV x3  
  116  16:41  Hellion x3  
  116  16:42  Hellion  
  124  16:52  SCV x2  
  124  16:53  SCV  
  127  16:57  Terran Ship Weapons Level 2  
  127  17:02  Hellion x2  
  127  17:03  Hellion  
  127  17:04  SCV x2, Hellion  
  127  17:05  SCV  
  138  17:16  SCV  
  138  17:17  SCV x2  
  141  17:27  Battlecruiser  
  147  17:31  Refinery  
  147  17:32  Refinery  
  147  17:38  Nuke  
  147  17:41  Hellion x3  
  153  17:45  Orbital Command  
  153  17:50  SCV x3  
  156  17:59  Thor  
  162  18:13  SCV x3  
  162  18:14  SCV  
  162  18:17  Thor  
  166  18:31  Viking  
  164  18:41  Thor  
  170  18:59  SCV x4  
  174  19:12  Thor  
  180  19:31  Hellion  
  180  19:34  Hellion  
  180  19:35  Battlecruiser  
  180  19:45  Supply Depot  
  180  19:46  Supply Depot x2  
  180  19:50  SCV x4  
  180  19:52  Hellion, Thor, Battlecruiser  
  180  19:59  Refinery  
  150  20:03  Siege Tank  
  150  20:04  Hellion  
  103  20:22  Battlecruiser  
  103  20:26  Refinery  
  103  20:27  Hellion x2  
  111  20:35  Siege Tank  
  111  20:36  Hellion  
  111  20:41  Viking x2  
  114  20:48  Hellion x2  
  118  20:56  Battlecruiser  
  124  20:57  Hellion  
  126  21:08  Hellion  
  126  21:09  Hellion  
  126  21:10  Hellion  
  132  21:18  Factory  
  132  21:19  Hellion  
  132  21:24  Factory  
  129  21:29  Hellion  
  109  21:39  Thor  
  86  21:41  Viking  
  86  21:42  Viking x2  
  81  21:50  Thor  
  81  21:51  Hellion x2  
  76  22:11  Viking  
  76  22:13  Viking x2  
  76  22:14  Viking  
  77  22:41  Viking  
  77  22:43  Viking x2  
  77  22:44  Viking  
  61  23:11  Viking  
  47  23:13  Viking x2